 Dungeon Crawl Stone Soup version 0.24.0-13-gcf9b319 (webtiles) character file.

Game seed: 13814007436441528910, levelgen mode: deterministic

199 Bugaboo the Cudgeler (level 5, -2/34 HPs)
             Began as a Gargoyle Berserker on Feb 7, 2020.
             Was a Believer of Trog.
             Killed from afar by an orc wizard (3 damage)
             ... with a puff of flame
             ... on level 4 of the Dungeon.
             The game lasted 00:08:09 (3188 turns).

Bugaboo the Cudgeler (Gargoyle Berserker)           Turns: 3188, Time: 00:08:09

Health: -2/34      AC:  6    Str: 22    XL:     5   Next: 77%
Magic:  5/5        EV: 12    Int:  7    God:    Trog [**....]
Gold:   179        SH:  0    Dex:  9    Spells: 4/4 levels left

rFire    . . .     SeeInvis .   a - +0 mace
rCold    . . .     Gourm    .   (no shield)
rNeg     + . .     Faith    .   b - +0 animal skin
rPois    ∞         Spirit   .   (no helmet)
rElec    +         Reflect  .   (no cloak)
rCorr    .         Harm     .   (no gloves)
MR       .....                  (no boots)
Stlth    +.........             (no amulet)
HPRegen  0.11/turn              (no ring)
MPRegen  0.09/turn              (no ring)

@: confused
A: negative energy resistance 1, electricity resistance, unbreathing,
petrification resistance, rot immunity, AC +4
a: Berserk, Trog's Hand, Renounce Religion


You were on level 4 of the Dungeon.
You worshipped Trog.
Trog was pleased with you.
You were not hungry.

You visited 1 branch of the dungeon, and saw 4 of its levels.

You collected 179 gold pieces.

Inventory:

Hand Weapons
 a - a +0 mace (weapon)
Armour
 b - a +0 animal skin (worn)
 v - a +1 pair of boots
Scrolls
 f - 4 scrolls of teleportation {unknown}
 g - a scroll of magic mapping {unknown}
 h - 5 scrolls of identify {unknown}
 i - 2 scrolls of enchant armour {unknown}
 j - a scroll of enchant weapon {unknown}
 n - 3 scrolls of fog {unknown}
 r - a scroll of immolation {unknown}
Potions
 d - a potion of lignification {unknown}
 e - a potion of curing {unknown}
 k - 3 potions of cancellation {unknown}
 l - a potion of agility {unknown}
 m - 2 potions of flight {unknown}
 o - a potion of mutation {unknown}
 p - a potion of haste {unknown}
 q - a potion of invisibility
 s - a potion of resistance {unknown}
 t - a potion of berserk rage {unknown}
Comestibles
 c - 5 rations
 u - a chunk of flesh


   Skills:
 + Level 4.6 Fighting
 + Level 4.7 Maces & Flails
 + Level 2.3 Armour
 + Level 2.4 Dodging
 + Level 1.0 Stealth


You had 4 spell levels left.
You didn't know any spells.
Your spell library was empty.

Dungeon Overview and Level Annotations

Branches:
Dungeon (4/15)
 Temple: D:4-7

Altars:
Ru


Innate Abilities, Weirdness & Mutations

You are resistant to torment.
Your stone body is resilient. (AC +4)
You are immune to poison.
You resist negative energy. (rN+)
You are resistant to electric shocks. (rElec)
You can survive without breathing.
You are immune to petrification.
You are immune to rotting.


Message History

A magic dart appears from out of thin air!
The magic dart hits you.
* * * LOW HITPOINT WARNING * * *
The orc wizard barely misses you. The orc closely misses you.
You closely miss something. Something hits you but does no damage.
The orc wizard closely misses you. The orc closely misses you.
Something hits you but does no damage.
You bump into the rock wall.
Something hits you but does no damage. The orc wizard closely misses you.
You completely miss the orc wizard.
The orc wizard is almost dead.
Something hits you but does no damage. The orc closely misses you.
The orc wizard casts a spell at you. The magic dart hits you.
* * * LOW HITPOINT WARNING * * *
You bump into the rock wall.
Something barely misses you. The orc hits you but does no damage.
The orc wizard gestures at you while chanting.
The puff of flame hits you.
You die...

##.#.##.###..####
#### #
#.##.........
#.....##..##
#.........#
#.....##.##
#....#..###.#
#...........# #
.###.##.#...###.#
#.##.....#@o.#
#.......oo{#.#
.......#.#...#
#######.###..# #.
.... #. .#### ..
.# .. .# .[.


You could see an orc wizard and 2 orcs.

Vanquished Creatures
  A hound (D:4)
  A worker ant (D:4)
  A gnoll (D:1)
  5 adders
  An ooze (D:1)
  A worm (D:3)
  3 dart slugs
  4 leopard geckos
  5 orcs (D:3)
  A ball python (D:2)
  3 giant cockroaches
  3 hobgoblins
  3 jackals (D:1)
  17 kobolds
  7 bats
  6 frilled lizards
  7 goblins
  A leopard gecko skeleton (D:4)
  3 rats
73 creatures vanquished.

Notes
Turn   | Place    | Note
-------+----------+-------------------------------------------
     0 | D:1      | Bugaboo the Gargoyle Berserker began the quest for the Orb.
     0 | D:1      | Reached XP level 1. HP: 14/14 MP: 1/1
   118 | D:1      | Reached XP level 2. HP: 19/19 MP: 2/2
   202 | D:1      | Reached XP level 3. HP: 19/24 MP: 3/3
   481 | D:1      | Reached ** piety under Trog
   944 | D:2      | Reached XP level 4. HP: 27/29 MP: 4/4
  1681 | D:2      | Found a sacrificial altar of Ru.
  2340 | D:3      | Reached XP level 5. HP: 31/34 MP: 5/5
  3111 | D:4      | Reached skill level 1 in Stealth
  3187 | D:4      | HP: 1/34 [orc wizard/magic dart (2)]
  3188 | D:4      | Killed from afar by an orc wizard

Levels and vault maps discovered:
D:1:      erik_arrival_triangle_large, layout_loops_ring, minmay_misc_feat_cross
D:2:      layout_basic, marbit_many_paths
D:3:      layout_basic, minmay_increasing_density
D:4:      layout_loops_ring, nicolae_qazlal_style_of_elements,
          lemuel_round_altar, first_ration, uniq_natasha

Skill      XL: |  1  2  3  4  5 |
---------------+----------------+-----
Fighting       | 4 |  4.6
Dodging        | 2 |  2.4
Maces & Flails | 4 |  4.7
Stealth        | 1 |  1.0
Armour         | |  2.3

Action                   |  1- 3 |  4- 6 || total
-------------------------+-------+-------++-------
Melee: Mace              |   100 |   167 ||   267
Invok: Berserk           |       |     1 ||     1
 Stab: Sleeping          |       |     1 ||     1
  Eat: Ration            |       |     2 ||     2
       Chunk             |       |     2 ||     2
Armor: Animal skin       |    48 |    61 ||   109
Dodge: Dodged            |   101 |   131 ||   232
